 Dungeon Crawl Stone Soup version 0.30-a0-618-gd6c86c23d0 (webtiles) character file.

Game seed: 14055536927420779629

4954 BigDaddyOpFi the Cleaver (level 10, -9/90 HPs)
             Began as a Hill Orc Monk on Jan 9, 2023.
             Was a Believer of Beogh.
             Mangled by a manticore (20 damage)
             ... on level 9 of the Dungeon.
             The game lasted 00:12:58 (8827 turns).

BigDaddyOpFi the Cleaver (Hill Orc Monk)            Turns: 8827, Time: 00:12:58

Health: -9/90      AC: 15    Str: 19    XL:     10   Next: 53%
Magic:  0/13       EV: 12    Int: 16    God:    Beogh [**....]
Gold:   393        SH:  0    Dex: 13    Spells: 9/9 levels left

rFire   . . .      SeeInvis .    C - +5 war axe
rCold   . . .      Faith    .    (no shield)
rNeg    . . .      Spirit   +    I - +0 plate armour
rPois   .          Reflect  .    b - +2 hat
rElec   +          Harm     +    (no cloak)
rCorr   .          Rampage  .    f - +2 pair of gloves of Gozag's Envy {Harm rElec}
Will    .....                    (no boots) Stlth
                                 j - amulet of guardian spirit
HPRegen 0.35/turn                w - +5 ring of evasion
MPRegen 0.13/turn                o - +6 ring of intelligence

@: no status effects
A: no striking features
a: Renounce Religion, Smiting


You were on level 9 of the Dungeon.
You worshipped Beogh.
Beogh was pleased with you.
You visited 2 branches of the dungeon, and saw 10 of its levels.

You collected 583 gold pieces.
You spent 190 gold pieces at shops.

Inventory:

Hand Weapons
 a - a +0 hand axe
 s - the +5 arbalest "Xeinatio" {flame, rPois Str+3}
   (You bought it in a shop on level 5 of the Dungeon)

   Str:       It affects your strength (+3).
   rPois:     It protects you from poison.
 y - the +2 trident of Wuepina {freeze, Will+}
   (You found it on level 6 of the Dungeon)

   Will:      It increases your willpower.
 C - a +5 war axe (weapon)
Missiles
 m - 4 javelins (quivered)
 q - 2 throwing nets
Armour
 b - a +2 hat (worn)
 f - the +2 pair of gloves of Gozag's Envy (worn) {Harm rElec}
   (You acquired it on level 3 of the Dungeon)

   rElec:     It insulates you from electricity.
   Harm:      It increases damage dealt and taken.
 v - a +0 kite shield
 I - a +0 plate armour (worn)
Jewellery
 j - an amulet of guardian spirit (around neck)
 o - a +6 ring of intelligence (right hand)
 r - an amulet of magic regeneration
 w - a +5 ring of evasion (left hand)
 D - a +6 ring of intelligence
Wands
 h - a wand of roots (11)
 k - a wand of flame (18)
 F - a wand of digging (9)
 H - a wand of mindburst (9)
Scrolls
 d - 3 scrolls of amnesia
 i - 6 scrolls of teleportation
 n - 4 scrolls of identify
 p - 2 scrolls of noise
 t - a scroll of summoning
 u - a scroll of poison
 A - a scroll of silence
 G - a scroll of fog
Potions
 l - a potion of attraction
 E - a potion of flight


   Skills:
 + Level 8.7 Fighting
 + Level 8.7(9.1) Axes
 - Level 3.1(5.6) Polearms
 * Level 5.6 Ranged Weapons
 + Level 6.1 Dodging
 + Level 6.3 Stealth
 + Level 4.7 Invocations


You had 9 spell levels left.
You didn't know any spells.
Your spell library contained the following spells:

 Spells                   Type           Power      Damage    Failure   Level
 Apportation              Tloc           0%         N/A       100%        1
 Call Canine Familiar     Summ           0%         N/A       100%        3
 Portal Projectile        Hex/Tloc       0%         N/A       100%        3
 Leda's Liquefaction      Hex/Erth       0%         N/A       100%        4
 Alistair's Intoxication  Tmut/Pois      0%         N/A       100%        5
 Borgnjor's Vile Clutch   Necr/Erth      0%         N/A       100%        5
 Lee's Rapid Deconstruct  Erth           0%         3d4*      100%        5
 Summon Forest            Summ/Tloc      0%         N/A       100%        5
 Eringya's Noxious Bog    Tmut/Pois      0%         N/A       100%        6
 Statue Form              Tmut/Erth      0%         N/A       100%        6
 Summon Hydra             Summ           0%         N/A       100%        7


Dungeon Overview and Level Annotations

Branches:
Dungeon (9/15)             Temple (1/1) D:6
   Lair: D:8-11         Orc: D:9-12

Altars:
Ashenzari
Dithmenos
Elyvilon
Fedhas
Gozag
Hepliaklqana
Kikubaaqudgha
Makhleb
Nemelex Xobeh
Okawaru
Qazlal
Ru
Sif Muna
Trog
Uskayaw
Vehumet
Wu Jian
Xom
Yredelemnul
The Shining One

Shops:
D:5 (=   D:9 !

Annotations:
D:3 2 transporters


Message History

You can no longer gain orcish followers.
The fire crab bites your orc wizard but does no damage.
The fire crab claws your orc wizard.
Your orc wizard is engulfed in flames!
Your orc wizard dies!
Your orc wizard's corpse dissolves into shadows!
Your orc wizard hits the fire crab with a +0 dagger.
Aiming: Smiting
Press: ? - help, Dir - move target, f/p - fire crab Smite: a fire crab (severely wounded, ally target)
You smite the fire crab!
You kill the fire crab!
Beogh accepts your kill.
The manticore flicks its tail.
The volley of spikes hits your orc!
Your orc dies!
Your orc's corpse dissolves into shadows!
Your Dodging skill increases to level 6!
The manticore bites your orc wizard but does no damage.
The manticore barely misses your orc wizard.
The manticore claws your orc wizard!
Your orc wizard hits the manticore but does no damage.
You swap places.
The manticore flicks its tail.
The volley of spikes hits your orc wizard!!
Your orc wizard dies!
Your orc wizard's corpse dissolves into shadows!
The manticore bites you!
The manticore claws you but does no damage.
The manticore barely misses you.
There is an open door, spattered with blood here.
You see here a fire crab corpse.
The manticore bites you!
* * * LOW HITPOINT WARNING * * *
The manticore claws you.
* * * LOW HITPOINT WARNING * * *
The manticore claws you but does no damage.
Okay, then.
As you read the scroll of summoning, it crumbles to dust.
Wisps of shadow whirl around you... The manticore bites you!
You die...

#..#.............#
#..).##########..#
#######..#.#..#..#..'..#
.......[.#.#.o'..'..#..#
#######[##.##'#######..#
#.##.#oo# +H.#..# #.##.#oo#
#$.#..# #.##.##o####'##...
########.##.#o@Ho.รท..#.#..
#......).# #oo#D.#..#..##
#.######## ########## #.#
#.# #.# #.# #[# ###.#


You could see a manticore (ally target), a friendly acid dragon (summoned), a
friendly orc priest (summoned), 3 friendly orc wizards and 6 friendly orcs.

Vanquished Creatures
  A fire crab (D:9)
  A flayed ghost (D:9)
  A cyclops (D:9)
  A manticore (D:9)
  A gargoyle (D:8)
  A kobold demonologist (D:9)
  A wyvern (D:7)
  An acid dragon (D:9)
  Edmund (D:4)
  An orc warrior (D:9)
  3 sky beasts
  An ice beast (D:5)
  A black bear (D:6)
  An ogre (D:4)
  A centaur (D:7)
  A kobold brigand (D:7)
  A phantom (D:3)
  A gnoll sergeant (D:8)
  A necrophage (D:7)
  10 wights
  A howler monkey (D:4)
  A jelly (D:5)
  2 hounds (D:6)
  4 orc priests
  An iguana (D:4)
  7 orc wizards
  10 gnolls
  5 adders
  2 shadow imps (D:5)
  2 white imps
  An ufetubus (D:6)
  A worm (D:2)
  6 dart slugs
  11 orcs
  10 endoplasms
  6 giant cockroaches
  17 goblins
  8 hobgoblins
  4 jackals (D:1)
  9 kobolds
  4 quokkas
  8 ball pythons
  8 bats
  4 frilled lizards
  4 rats
167 creatures vanquished.

Vanquished Creatures (others)
  An orc warrior (D:7)
  A gnoll bouda (D:7)
  An orc priest (D:7)
  4 gnolls (D:7)
7 creatures vanquished.

Grand Total: 174 creatures vanquished

Notes
Turn   | Place    | Note
-------+----------+-------------------------------------------
     0 | D:1      | BigDaddyOpFi the Hill Orc Monk began the quest for the Orb.
     0 | D:1      | Reached XP level 1. HP: 19/19 MP: 1/1
   130 | D:1      | Reached XP level 2. HP: 12/27 MP: 2/2
   547 | D:1      | Reached XP level 3. HP: 31/33 MP: 3/3
  1351 | D:2      | Reached XP level 4. HP: 38/40 MP: 4/4
  1707 | D:3      | Noticed a phantom
  1709 | D:3      | Noticed a necrophage
  1741 | D:3      | Killed a phantom
  1742 | D:3      | Reached skill level 5 in Axes
  1742 | D:3      | Reached XP level 5. HP: 29/47 MP: 5/5
  1781 | D:3      | Found a transporter.
  1882 | D:3      | Found a transporter.
  1889 | D:3      | Found a white marble altar of Elyvilon.
  1890 | D:3      | Found an ornate altar of the Wu Jian Council.
  1992 | D:3      | Found a stormy altar of Qazlal.
  2164 | D:3      | Identified a scroll of acquirement
  2164 | D:3      | Acquired the +2 pair of gloves of Gozag's Envy {Harm rElec}
  2388 | D:3      | Found an opulent altar of Gozag.
  2659 | D:4      | Noticed Edmund
  2745 | D:4      | Killed Edmund
  2746 | D:4      | Reached skill level 5 in Fighting
  2746 | D:4      | Reached XP level 6. HP: 7/49 MP: 2/6
  3708 | D:4      | Found a shimmering altar of Xom.
  3738 | D:4      | Found a glowing golden altar of the Shining One.
  3836 | D:4      | Reached XP level 7. HP: 61/61 MP: 7/7
  3877 | D:5      | Entered Level 5 of the Dungeon
  3877 | D:5      | Found Puiga's Jewellery Boutique.
  3904 | D:5      | Found Cimed's Book Boutique.
  4166 | D:5      | Found Kuarchogra's Antique Weapon Shoppe.
  4174 | D:5      | Bought a jewelled arbalest for 190 gold pieces
  4174 | D:5      | Identified the +5 arbalest "Xeinatio" {flame, rPois Str+3}
                  | (You bought it in a shop on level 5 of the Dungeon)
  4300 | D:5      | Found a burning altar of Makhleb.
  4369 | D:5      | Found a hide-covered altar of Uskayaw.
  4406 | D:5      | Found a shimmering blue altar of Sif Muna.
  4472 | D:5      | Found an iron altar of Okawaru.
  4540 | D:5      | Found a bloodstained altar of Trog.
  4687 | D:6      | Identified the +1 leather armour "Aclinus" {Str-2 Int+4
                  | Dex+6}
  4767 | D:6      | Found a staircase to the Ecumenical Temple.
  4797 | Temple   | Entered the Ecumenical Temple
  4922 | D:6      | Reached XP level 8. HP: 70/70 MP: 8/8
  4923 | D:6      | Found a shadowy altar of Dithmenos.
  5170 | D:6      | Identified the +2 trident of Wuepina {freeze, Will+}
  5341 | D:7      | Became a worshipper of Beogh the Brigand
  5341 | D:7      | Reached * piety under Beogh
  5341 | D:7      | Reached ** piety under Beogh
  5435 | D:7      | Reached skill level 1 in Polearms
  5778 | D:7      | Noticed a wyvern
  5783 | D:7      | Killed a wyvern
  5784 | D:7      | Reached skill level 1 in Ranged Weapons
  5944 | D:7      | Reached skill level 5 in Dodging
  5944 | D:7      | Reached skill level 5 in Stealth
  5977 | D:7      | Reached XP level 9. HP: 67/79 MP: 7/9
  6574 | D:8      | Noticed a gargoyle
  6576 | D:8      | Killed a gargoyle
  6577 | D:8      | Reached skill level 1 in Invocations
  7740 | D:9      | Found Nahazxau's Distillery.
  8314 | D:9      | Reached *** piety under Beogh
  8376 | D:9      | Found a runed translucent door.
  8376 | D:9      | Noticed a kobold demonologist
  8377 | D:9      | Noticed a flayed ghost
  8378 | D:9      | Noticed a smoke demon
  8387 | D:9      | Noticed a smoke demon
  8388 | D:9      | Killed a kobold demonologist
  8539 | D:9      | Killed a flayed ghost
  8540 | D:9      | Reached XP level 10. HP: 90/90 MP: 11/13
  8569 | D:9      | Noticed a cyclops
  8575 | D:9      | Killed a cyclops
  8576 | D:9      | Reached skill level 5 in Ranged Weapons
  8582 | D:9      | Noticed a manticore
  8591 | D:9      | Killed a manticore
  8812 | D:9      | Noticed a manticore
  8812 | D:9      | Noticed a fire crab
  8822 | D:9      | Killed a fire crab
  8827 | D:9      | Mangled by a manticore

Illustrated notes

Levels and vault maps discovered:
D:1:      dpeg_arrival_prison, layout_rooms, nrook_mini_vaults
D:2:      layout_loops_ring
D:3:      layout_basic, mainiacjoe_overflow_boulevard,
          nicolae_gozag_cash_rules_everything_around_me,
          gammafunk_temple_overflow_arena
D:4:      layout_rooms, kennysheep_mini, tso_altar, minmay_ogre_servants,
          uniq_edmund
D:5:      layout_loops_cross, mainiacjoe_overflow_catwalk,
          nicolae_uskayaw_dance_hall, trog_three_pillars_becter,
          okawaru_gym_becter, nicolae_sif_muna_little_library, serial_shops,
          nicolae_shop_crystal, nicolae_stop_n_shop_1,
          nicolae_shop_temple_entry_statues_fountains
D:6:      layout_loops_ring, grunt_dithmenos_smoke, minmay_temple_entry_tees,
          hangedman_decor_points
D:7:      layout_basic, minmay_small_thing
D:8:      layout_basic, kennysheep_decorative_pillar,
          minmay_misc_feat_more_columns
D:9:      layout_loops_ring, zin_scriptorium, marbit_many_paths, david_orc_4,
          serial_shops, nicolae_shop_statue_plus, minivault_13
Temple:   hellmonk_temple_two_chambers

Skill      XL: |  1  2  3  4  5  6  7  8  9 10 |
---------------+-------------------------------+-----
Fighting       | 4 5 6 7 8 |  8.7
Stealth        | 2 3 4 5 6 |  6.3
Axes           | 5 6 7 8 |  8.7
Dodging        | 3 4 5 6 |  6.1
Polearms       | 2 3 |  3.1
Ranged Weapons | 2 4 5 |  5.6
Invocations    | 4 |  4.7

Action                   |  1- 3 |  4- 6 |  7- 9 | 10-12 || total
-------------------------+-------+-------+-------+-------++-------
Melee: Hand axe          |   167 |   205 |    27 |       ||   399
       Punch             |     2 |     2 |     1 |       ||     5
       Trident           |       |       |    31 |       ||    31
       War axe           |       |       |    58 |    13 ||    71
 Fire: Arbalest          |       |       |   119 |       ||   119
Throw: Javelin           |       |       |     2 |       ||     2
Invok: Convert to Beogh  |       |       |     1 |       ||     1
       Smiting           |       |       |       |     2 ||     2
  Use: Scroll            |     6 |     3 |     7 |     3 ||    19
       Potion            |       |     9 |     8 |       ||    17
 Stab: Sleeping          |     1 |     1 |     1 |       ||     3
Armor: Ring mail         |    63 |    70 |    28 |       ||   161
       Skin              |       |    15 |     6 |       ||    21
       Chain mail        |       |       |    36 |       ||    36
       Plate armour      |       |       |    24 |    15 ||    39
Dodge: Dodged            |    82 |   119 |   122 |    10 ||   333

Table legend: (Time is in decaauts)
 A = Elapsed time spent in this place.
 B = Non-inter-level travel time spent in this place.
 C = Inter-level travel time spent in this place.
 D = Time resting spent in this place.
 E = Time spent auto-exploring this place.
 F = Levels seen in this place.
 G = Mean time per level.
                   A        B        C        D        E       F      G
               +--------+--------+--------+--------+--------+-----+--------+
         Total |   8973 |   8682 |    291 |   1943 |   5072 |  10 |  897.3 |
       Dungeon |   8943 |   8652 |    291 |   1943 |   5059 |   9 |  993.7 |
        Temple |     29 |     29 |      0 |      0 |     13 |   1 |   29.0 |
               +--------+--------+--------+--------+--------+-----+--------+

Top non-repeatable levels by time:
     D:8: 1677 daAuts
     D:4: 1241 daAuts
     D:7: 1132 daAuts
     D:1: 999 daAuts
     D:3: 932 daAuts
     D:9: 844 daAuts
     D:5: 796 daAuts
     D:2: 721 daAuts
     D:6: 598 daAuts
  Temple: 29 daAuts
